| TOP OF THE 1ST |
|
Palm Beach Nationals batting - Pitching for Miami Beach Marlins : LHP David Zuniga
|
|
Pitching: LHP David Zuniga
|
|
|
Batting: RHB Taffounnout Kame
|
0-0: Ball 1-0: Ball 2-0: Foul Ball, location: 2F 2-1: Ball 3-1: Foul Ball, location: 2F 3-2: Foul Ball, location: 2F 3-2: Strikes out swinging
|
|
Batting: LHB Chris Williams
|
0-0: Ball 1-0: Called Strike 1-1: Foul Ball, location: 2F 1-2: Ball 2-2: Ball 3-2: Fly out, F7 (Flyball, 8LS, EV 88.8 MPH)
|
|
Batting: RHB Er Le
|
0-0: Called Strike 0-1: Foul Ball, location: 2F 0-2: Strikes out swinging
|
| Top of the 1st over - 0 runs, 0 hits, 0 errors, 0 left on base; Palm Beach 0 - Miami Beach 0 |
| BOTTOM OF THE 1ST |
|
Miami Beach Marlins batting - Pitching for Palm Beach Nationals : RHP Kiyonaga Nakamura
|
|
Pitching: RHP Kiyonaga Nakamura
|
|
|
Batting: RHB Rafael Irizarry
|
0-0: Called Strike 0-1: Foul Ball, location: 2F 0-2: Ball 1-2: Ball 2-2: Ground out 4-3 (Groundball, 4, EV 85.6 MPH)
|
|
Batting: LHB Dong-u Chang
|
0-0: Ball 1-0: Ball 2-0: Called Strike 2-1: Ball 3-1: Base on Balls
|
|
Batting: RHB Reomel Somera
|
0-0: Ball 1-0: Ball 2-0: Ball 3-0: Called Strike 3-1: Foul Ball, location: 2F 3-2: Foul Ball, location: 2F 3-2: Foul Ball, location: 2F 3-2: Strikes out looking
|
|
Batting: LHB Jose Bregaro
|
0-0: Ball 1-0: Ball 2-0: Ball 3-0: Called Strike 3-1: Ground out 4-3 (Groundball, 34, EV 108.8 MPH)
|
| Bottom of the 1st over - 0 runs, 0 hits, 0 errors, 1 left on base; Palm Beach 0 - Miami Beach 0 |
| TOP OF THE 2ND |
|
Palm Beach Nationals batting - Pitching for Miami Beach Marlins : LHP David Zuniga
|
|
Batting: RHB Jelexiz Cuenca
|
0-0: Called Strike 0-1: Ball 1-1: Foul Ball, location: 2F 1-2: Strikes out swinging
|
|
Batting: RHB Steve Kunselman
|
0-0: Ball 1-0: Ball 2-0: Ball 3-0: Base on Balls
|
|
Batting: RHB Jessie Fisher
|
0-0: Ball 1-0: Called Strike 1-1: Swinging Strike 1-2: Strikes out swinging
|
|
Batting: RHB Scott Merritt
|
0-0: Ball 1-0: Called Strike 1-1: Called Strike 1-2: Strikes out swinging
|
| Top of the 2nd over - 0 runs, 0 hits, 0 errors, 1 left on base; Palm Beach 0 - Miami Beach 0 |
| BOTTOM OF THE 2ND |
|
Miami Beach Marlins batting - Pitching for Palm Beach Nationals : RHP Kiyonaga Nakamura
|
|
Batting: RHB Alberto Bravo
|
0-0: DOUBLE (Flyball, 78XD, EV 96.2 MPH)
|
|
Batting: RHB David Martin
|
0-0: Ball 1-0: Called Strike 1-1: Ball 2-1: Fly out, F8 (Flyball, 8LM, EV 78.1 MPH)
|
|
Batting: RHB Terrell Smith
|
0-0: Ball 1-0: Ball 2-0: Called Strike 2-1: Ball 3-1: Swinging Strike 3-2: Foul Ball, location: 2F 3-2: Base on Balls
|
|
Batting: RHB Clark Meagher
|
0-0: Foul Ball, location: 2F 0-1: Ball Wild Pitch! Alberto Bravo to third Terrell Smith to second 1-1: Ground out 4-3 (Groundball, 4, EV 85.0 MPH) Alberto Bravo scores Terrell Smith to third
|
|
Batting: RHB Melvin Nava
|
0-0: Called Strike 0-1: Ball 1-1: Ball 2-1: Hit by Pitch
|
|
Batting: RHB Rafael Irizarry
|
0-0: Ground out 4-3 (Groundball, 4, EV 87.5 MPH)
|
| Bottom of the 2nd over - 1 run, 1 hit, 0 errors, 2 left on base; Palm Beach 0 - Miami Beach 1 |
| TOP OF THE 3RD |
|
Palm Beach Nationals batting - Pitching for Miami Beach Marlins : LHP David Zuniga
|
|
Batting: RHB Kenny Ball
|
0-0: Ball 1-0: Hit by Pitch
|
|
Batting: RHB Joe Simmelink
|
0-0: Called Strike 0-1: Foul Ball, location: 2F 0-2: Ball 1-2: Foul Ball, location: 2F 1-2: Foul Ball, location: 2F 1-2: DOUBLE (Line Drive, 7LD, EV 107.5 MPH) Kenny Ball to third
|
|
Batting: RHB Taffounnout Kame
|
0-0: Swinging Strike 0-1: Ball 1-1: Ball 2-1: Ball 3-1: Called Strike 3-2: Foul Ball, location: 2F 3-2: Base on Balls
|
|
Batting: LHB Chris Williams
|
0-0: Foul Ball, location: 2F 0-1: Foul Ball, location: 2F 0-2: Strikes out swinging
|
|
Batting: RHB Er Le
|
0-0: Ball 1-0: Ball 2-0: Swinging Strike 2-1: Swinging Strike 2-2: Strikes out swinging
|
|
Batting: RHB Jelexiz Cuenca
|
0-0: Foul Ball, location: 2F 0-1: Ball 1-1: Ball 2-1: Called Strike 2-2: Foul Ball, location: 2F 2-2: Foul Ball, location: 2F 2-2: Foul Ball, location: 2F 2-2: Strikes out swinging
|
| Top of the 3rd over - 0 runs, 1 hit, 0 errors, 3 left on base; Palm Beach 0 - Miami Beach 1 |
| BOTTOM OF THE 3RD |
|
Miami Beach Marlins batting - Pitching for Palm Beach Nationals : RHP Kiyonaga Nakamura
|
|
Batting: LHB Dong-u Chang
|
0-0: Foul Ball, location: 2F 0-1: Ball 1-1: Ball 2-1: Ball 3-1: Called Strike 3-2: SINGLE (Line Drive, 78S, EV 112.5 MPH)
|
|
Batting: RHB Reomel Somera
|
0-0: Ball 1-0: Ball 2-0: Called Strike 2-1: Ball 3-1: Base on Balls Dong-u Chang to second
|
|
Batting: LHB Jose Bregaro
|
0-0: Called Strike 0-1: Ball 1-1: Ball 2-1: Called Strike 2-2: Ball 3-2: Base on Balls Dong-u Chang to third Reomel Somera to second
|
|
Batting: RHB Alberto Bravo
|
0-0: Ball 1-0: SINGLE (Groundball, 4MD, EV 95.6 MPH) Dong-u Chang scores Reomel Somera to third Jose Bregaro to second Runner from 3rd tries for Home, SAFE, throw by CF to home
|
|
Pitching: RHP Mike Hamilton
|
|
|
Batting: RHB David Martin
|
0-0: Called Strike 0-1: Ball 1-1: Foul Ball, location: 2F 1-2: Foul Ball, location: 2F Balk! Jose Bregaro to third Alberto Bravo to second 1-2: Ball 2-2: Ball 3-2: Fly out, F8 (Flyball, 89D, EV 89.4 MPH) Runner from 3rd tags up, SCORES, throw by CF Alberto Bravo to third
|
|
Batting: RHB Terrell Smith
|
0-0: Swinging Strike 0-1: Foul Ball, location: 2F 0-2: Hit by Pitch
|
|
Batting: RHB Clark Meagher
|
0-0: Called Strike 0-1: Ball 1-1: Ball 2-1: Ball 3-1: Base on Balls Terrell Smith to second
|
|
Batting: RHB Melvin Nava
|
0-0: Fly out, F8 (Line Drive, 78M, EV 91.9 MPH)
|
|
Batting: RHB Rafael Irizarry
|
Balk! Alberto Bravo scores Terrell Smith to third Clark Meagher to second 0-0: SINGLE (Line Drive, 4D, EV 95.0 MPH) Terrell Smith scores Clark Meagher to third Runner from 3rd tries for Home, SAFE, throw by RF to home
|
|
Batting: LHB Dong-u Chang
|
0-0: Ball 1-0: Called Strike Rafael Irizarry steals 2nd base (no throw) 1-1: Called Strike 1-2: Strikes out swinging
|
| Bottom of the 3rd over - 6 runs, 3 hits, 0 errors, 1 left on base; Palm Beach 0 - Miami Beach 7 |
| TOP OF THE 4TH |
|
Palm Beach Nationals batting - Pitching for Miami Beach Marlins : LHP David Zuniga
|
|
Batting: RHB Steve Kunselman
|
0-0: Called Strike 0-1: Swinging Strike 0-2: Strikes out swinging
|
|
Batting: RHB Jessie Fisher
|
0-0: Ball 1-0: Ball 2-0: Foul Ball, location: 2F 2-1: Foul Ball, location: 2F 2-2: Foul Ball, location: 2F 2-2: Ball 3-2: Base on Balls
|
|
Batting: RHB Scott Merritt
|
0-0: Foul Ball, location: 2F 0-1: Ball 1-1: Swinging Strike 1-2: Ball 2-2: Foul Ball, location: 2F 2-2: Foul Ball, location: 2F 2-2: Foul Ball, location: 2F 2-2: Strikes out looking
|
|
Batting: RHB Kenny Ball
|
0-0: Ball 1-0: Called Strike 1-1: Ball 2-1: Foul Ball, location: 2F 2-2: Strikes out looking
|
| Top of the 4th over - 0 runs, 0 hits, 0 errors, 1 left on base; Palm Beach 0 - Miami Beach 7 |
| BOTTOM OF THE 4TH |
|
Miami Beach Marlins batting - Pitching for Palm Beach Nationals : RHP Mike Hamilton
|
|
Batting: RHB Reomel Somera
|
0-0: Called Strike 0-1: Ball 1-1: SOLO HOME RUN (Line Drive, 89XD, EV 113.8 MPH), Distance : 454 ft
|
|
Batting: LHB Jose Bregaro
|
0-0: Foul Ball, location: 2F 0-1: Swinging Strike 0-2: Ball 1-2: Ball 2-2: Ball 3-2: SOLO HOME RUN (Flyball, 9LD, EV 98.8 MPH), Distance : 381 ft
|
|
Batting: RHB Alberto Bravo
|
0-0: Called Strike 0-1: Ball 1-1: Ball 2-1: Ball 3-1: Base on Balls
|
|
Batting: RHB David Martin
|
0-0: Swinging Strike 0-1: Ball 1-1: Swinging Strike 1-2: Foul Ball, location: 2F 1-2: Fly out, F8 (Line Drive, 8LM, EV 95.0 MPH)
|
|
Batting: RHB Terrell Smith
|
0-0: Called Strike 0-1: Fly out, F7 (Flyball, 78S, EV 93.1 MPH)
|
|
Batting: RHB Clark Meagher
|
0-0: Ball 1-0: Fly out, F7 (Flyball, 7, EV 91.2 MPH)
|
| Bottom of the 4th over - 2 runs, 2 hits, 0 errors, 1 left on base; Palm Beach 0 - Miami Beach 9 |
| TOP OF THE 5TH |
|
Palm Beach Nationals batting - Pitching for Miami Beach Marlins : LHP David Zuniga
|
|
Batting: RHB Joe Simmelink
|
0-0: Ball 1-0: Ball 2-0: Called Strike 2-1: Ball 3-1: Called Strike 3-2: Foul Ball, location: 2F 3-2: Strikes out swinging
|
|
Batting: RHB Taffounnout Kame
|
0-0: Called Strike 0-1: Ball 1-1: Called Strike 1-2: Foul Ball, location: 2F 1-2: Strikes out swinging, 2-3 out at first.
|
|
Batting: LHB Chris Williams
|
0-0: Swinging Strike 0-1: Foul Ball, location: 2F 0-2: Ball 1-2: Foul Ball, location: 2F 1-2: SINGLE (Groundball, 34D, EV 106.9 MPH)
|
|
Batting: RHB Er Le
|
0-0: Called Strike 0-1: Swinging Strike 0-2: Ball 1-2: Foul Ball, location: 2F 1-2: Ball 2-2: Foul Ball, location: 2F 2-2: Ball 3-2: Foul Ball, location: 2F 3-2: Reached on error, E5 (Groundball, 5S, EV 86.9 MPH) Chris Williams to second
|
|
Batting: RHB Jelexiz Cuenca
|
0-0: Ball 1-0: Fly out, F9 (Line Drive, 89S, EV 93.8 MPH)
|
| Top of the 5th over - 0 runs, 1 hit, 1 error, 2 left on base; Palm Beach 0 - Miami Beach 9 |
| BOTTOM OF THE 5TH |
|
Miami Beach Marlins batting - Pitching for Palm Beach Nationals : RHP Mike Hamilton
|
|
Batting: RHB Melvin Nava
|
0-0: Called Strike 0-1: Ball 1-1: Ball 2-1: Fly out, F9 (Flyball, 9LSF, EV 73.8 MPH)
|
|
Batting: RHB Rafael Irizarry
|
0-0: Ball 1-0: Foul Ball, location: 2F 1-1: Fly out, F9 (Flyball, 9, EV 90.0 MPH)
|
|
Batting: LHB Dong-u Chang
|
0-0: Called Strike 0-1: Swinging Strike 0-2: Ball 1-2: Ball 2-2: Strikes out looking
|
| Bottom of the 5th over - 0 runs, 0 hits, 0 errors, 0 left on base; Palm Beach 0 - Miami Beach 9 |
| TOP OF THE 6TH |
|
Palm Beach Nationals batting - Pitching for Miami Beach Marlins : LHP David Zuniga
|
|
Batting: RHB Steve Kunselman
|
0-0: Ball 1-0: Ball 2-0: Foul Ball, location: 2F 2-1: SINGLE (Groundball, 6MS, EV 66.9 MPH) (infield hit)
|
|
Pitching: LHP Doug Whitling
|
|
|
Batting: RHB Jessie Fisher
|
0-0: Ball 1-0: Called Strike 1-1: Foul Ball, location: 2F 1-2: Foul Ball, location: 2F 1-2: Strikes out looking
|
|
Batting: RHB Scott Merritt
|
0-0: Ball 1-0: Foul Ball, location: 2F 1-1: Ball 2-1: Foul Ball, location: 2F 2-2: Strikes out swinging
|
|
Batting: RHB Kenny Ball
|
0-0: Called Strike Steve Kunselman is caught stealing 2nd base 2-4
|
| Top of the 6th over - 0 runs, 1 hit, 0 errors, 0 left on base; Palm Beach 0 - Miami Beach 9 |
| BOTTOM OF THE 6TH |
|
Miami Beach Marlins batting - Pitching for Palm Beach Nationals : RHP Mike Hamilton
|
|
Batting: RHB Reomel Somera
|
0-0: Foul Ball, location: 2F 0-1: Ball 1-1: Ball 2-1: Ball 3-1: Called Strike 3-2: Base on Balls
|
|
Pitching: RHP Aaron Bateman
|
|
|
Batting: LHB Jose Bregaro
|
0-0: Called Strike 0-1: Ball 1-1: Foul Ball, location: 2F 1-2: Hit by Pitch Reomel Somera to second
|
|
Batting: RHB Alberto Bravo
|
0-0: Fly out, F8 (Flyball, 78M, EV 86.9 MPH)
|
|
Batting: RHB David Martin
|
0-0: Ball 1-0: Reached on error, E3 (Groundball, 34, EV 100.6 MPH) Reomel Somera to third Jose Bregaro to second
|
|
Batting: RHB Terrell Smith
|
0-0: Foul Ball, location: 2F 0-1: Called Strike 0-2: Single, Error in OF, E7, batter to second base (Groundball, 6D, EV 98.1 MPH) Reomel Somera scores Jose Bregaro scores David Martin to third
|
|
Batting: RHB Clark Meagher
|
0-0: Ball 1-0: Ball 2-0: Called Strike 2-1: SINGLE (Flyball, 4D, EV 86.2 MPH) David Martin scores Terrell Smith to third
|
|
Batting: RHB Melvin Nava
|
0-0: Ball 1-0: Called Strike 1-1: Ball Wild Pitch! Terrell Smith scores Clark Meagher to second 2-1: Ball 3-1: Swinging Strike 3-2: 2-RUN HOME RUN (Flyball, 9LD, EV 93.8 MPH), Distance : 357 ft
|
|
Pitching: RHP Vasag Semerjian
|
|
|
Batting: RHB Rafael Irizarry
|
0-0: Ball 1-0: Called Strike 1-1: Fly out, F9 (Flyball, 89M, EV 90.0 MPH)
|
|
Batting: LHB Dong-u Chang
|
0-0: Ball 1-0: Foul Ball, location: 2F 1-1: Fly out, F8 (Line Drive, 89M, EV 86.2 MPH)
|
| Bottom of the 6th over - 6 runs, 3 hits, 2 errors, 0 left on base; Palm Beach 0 - Miami Beach 15 |
| TOP OF THE 7TH |
|
Palm Beach Nationals batting - Pitching for Miami Beach Marlins : LHP Doug Whitling
|
|
Batting: RHB Kenny Ball
|
0-0: SOLO HOME RUN (Flyball, 7D, EV 97.5 MPH), Distance : 403 ft
|
|
Batting: RHB Joe Simmelink
|
0-0: Ground out 6-3 (Groundball, 6D, EV 77.5 MPH)
|
|
Pitching: RHP Jeremy Akande
|
|
|
Batting: RHB Taffounnout Kame
|
0-0: Foul Ball, location: 2F 0-1: Ball 1-1: Foul Ball, location: 2F 1-2: Strikes out swinging
|
|
Batting: LHB Chris Williams
|
0-0: Foul Ball, location: 2F 0-1: Foul Ball, location: 2F 0-2: Strikes out swinging, 2-3 out at first.
|
| Top of the 7th over - 1 run, 1 hit, 0 errors, 0 left on base; Palm Beach 1 - Miami Beach 15 |
| BOTTOM OF THE 7TH |
|
Miami Beach Marlins batting - Pitching for Palm Beach Nationals : RHP Vasag Semerjian
|
|
Batting: RHB Reomel Somera
|
0-0: Foul Ball, location: 2F 0-1: Ball 1-1: SINGLE (Line Drive, 7S, EV 109.4 MPH)
|
|
Batting: LHB Jose Bregaro
|
0-0: Ball 1-0: Ball 2-0: Ball 3-0: Called Strike 3-1: Base on Balls Reomel Somera to second
|
|
Batting: RHB Alberto Bravo
|
0-0: Called Strike 0-1: Ball 1-1: Ball 2-1: Foul Ball, location: 2F 2-2: Foul Ball, location: 2F 2-2: Foul Ball, location: 2F 2-2: Foul Ball, location: 2F 2-2: Foul Ball, location: 2F 2-2: Strikes out swinging
|
|
Batting: RHB David Martin
|
0-0: Ball 1-0: Foul Ball, location: 2F 1-1: Swinging Strike 1-2: Strikes out swinging
|
|
Batting: RHB Terrell Smith
|
0-0: Called Strike 0-1: Foul Ball, location: 2F 0-2: Ball 1-2: Strikes out looking
|
| Bottom of the 7th over - 0 runs, 1 hit, 0 errors, 2 left on base; Palm Beach 1 - Miami Beach 15 |
| TOP OF THE 8TH |
|
Palm Beach Nationals batting - Pitching for Miami Beach Marlins : RHP Jeremy Akande
|
|
Batting: RHB Er Le
|
0-0: Ball 1-0: Foul Ball, location: 2F 1-1: Foul Ball, location: 2F 1-2: Fly out, F7 (Flyball, 78S, EV 88.1 MPH)
|
|
Batting: RHB Jelexiz Cuenca
|
0-0: Called Strike 0-1: Ball 1-1: Foul Ball, location: 2F 1-2: Ball 2-2: Ball 3-2: Strikes out looking
|
|
Batting: RHB Steve Kunselman
|
0-0: Ball 1-0: Ball 2-0: Called Strike 2-1: Ball 3-1: Swinging Strike 3-2: Base on Balls
|
|
Batting: RHB Jessie Fisher
|
0-0: Foul Ball, location: 2F 0-1: Ball 1-1: Foul Ball, location: 2F 1-2: Strikes out looking and he ARGUES THE CALL AND IS TOSSED!
|
| Top of the 8th over - 0 runs, 0 hits, 0 errors, 1 left on base; Palm Beach 1 - Miami Beach 15 |
| BOTTOM OF THE 8TH |
|
Miami Beach Marlins batting - Pitching for Palm Beach Nationals : RHP Vasag Semerjian
|
|
Now at 1B: Justin Davenport
|
|
|
Batting: RHB Clark Meagher
|
0-0: Called Strike 0-1: Foul Ball, location: 2F 0-2: Strikes out swinging
|
|
Batting: RHB Melvin Nava
|
0-0: Ball 1-0: Fly out, F6 (Popup, 6MD, EV 53.1 MPH)
|
|
Batting: RHB Rafael Irizarry
|
0-0: Ball 1-0: Ball 2-0: Ball 3-0: Called Strike 3-1: Base on Balls
|
|
Batting: LHB Dong-u Chang
|
0-0: Ball 1-0: SINGLE (Line Drive, 4M, EV 106.9 MPH) Rafael Irizarry to second Runner from 2nd tries for 3rd, SAFE, throw by CF made to third
|
|
Batting: RHB Reomel Somera
|
0-0: Ball 1-0: Ball 2-0: Foul Ball, location: 2F 2-1: Foul Ball, location: 2F 2-2: Ball 3-2: Foul Ball, location: 2F 3-2: Foul Ball, location: 2F 3-2: Base on Balls Dong-u Chang to second
|
|
Pitching: RHP Akira Ishihara
|
|
|
Batting: LHB Jose Bregaro
|
0-0: Ball 1-0: Foul Ball, location: 2F 1-1: Ball 2-1: Ball 3-1: Base on Balls Rafael Irizarry scores Dong-u Chang to third Reomel Somera to second
|
|
Batting: RHB Alberto Bravo
|
0-0: Ball 1-0: Ball 2-0: Foul Ball, location: 2F 2-1: Ball 3-1: Fly out, F7 (Flyball, 7S, EV 93.1 MPH)
|
| Bottom of the 8th over - 1 run, 1 hit, 0 errors, 3 left on base; Palm Beach 1 - Miami Beach 16 |
| TOP OF THE 9TH |
|
Palm Beach Nationals batting - Pitching for Miami Beach Marlins : RHP Jeremy Akande
|
|
Pinch Hitting: LHB Vince McLane
|
0-0: Foul Ball, location: 2F 0-1: SINGLE (Line Drive, 8RS, EV 113.1 MPH)
|
|
Pitching: LHP Hideo Komatsu
|
|
|
Batting: RHB Kenny Ball
|
0-0: Called Strike 0-1: Ball 1-1: Swinging Strike 1-2: Strikes out swinging
|
|
Pinch Hitting: SHB John Husson
|
0-0: Swinging Strike 0-1: Called Strike 0-2: Ball 1-2: Ball 2-2: Ball 3-2: Foul Ball, location: 2F 3-2: Strikes out swinging Vince McLane steals 2nd base (no throw) Batter strikes out.
|
|
Batting: RHB Taffounnout Kame
|
0-0: Foul Ball, location: 2F 0-1: Swinging Strike 0-2: Foul Ball, location: 2F 0-2: Ball 1-2: Ball 2-2: Strikes out swinging
|
| Top of the 9th over - 0 runs, 1 hit, 0 errors, 1 left on base; Palm Beach 1 - Miami Beach 16 |
|